Map: 16位-天梯版

Players

Snute - Winner!

  • Race: Zerg Zerg
  • Spawn Location: 1:00

iAsonu

  • Race: Zerg Zerg
  • Spawn Location: 7:00

Event: WCS Valencia 2018

VOD

Have the link to the VOD?

Description

Time

  • Played on: July 12, 2018, 3:16 p.m.
  • Length: 21:57

All games in this series

Show
View Real Time Build Order
Export as new Build Order

Snute Zerg - Winner!

Build Orders: Hatch First, Lurkers, Roach Hydra 

Get SALT Encoding   

  12  0:00  Drone  
  13  0:13  Overlord  
  13  0:17  Drone  
  14  0:31  Drone x2  
  14  0:35  Drone  
  17  0:53  Hatchery  
  17  0:56  Drone  
  17  1:00  Drone  
  17  1:02  Extractor  
  17  1:15  Spawning Pool  
  17  1:18  Drone  
  17  1:22  Drone  
  18  1:28  Drone  
  19  1:38  Overlord  
  19  1:50  Drone  
  20  2:02  Metabolic Boost, Queen  
  20  2:05  Queen  
  20  2:07  Zergling x2  
  25  2:11  Zergling x2  
  25  2:14  Drone  
  27  2:17  Drone  
  28  2:23  Zergling x2  
  28  2:27  Drone  
  30  2:32  Drone  
  31  2:38  Drone  
  31  2:43  Hatchery  
  31  2:47  Overlord  
  31  2:51  Drone  
  32  2:54  Drone  
  33  2:59  Drone  
  33  3:05  Drone  
  34  3:10  Drone x4  
  34  3:12  Overlord  
  38  3:14  Drone  
  38  3:15  Drone  
  38  3:18  Drone  
  41  3:24  Drone  
  41  3:27  Overlord  
  41  3:34  Drone  
  41  3:38  Extractor  
  41  3:39  Drone  
  41  3:40  Extractor  
  40  3:41  Queen  
  40  3:43  Drone  
  40  3:46  Drone x5  
  40  3:47  Drone  
  49  3:53  Drone  
  49  3:55  Drone x2  
  52  4:04  Zergling x2  
  52  4:05  Evolution Chamber  
  52  4:06  Drone  
  52  4:07  Drone  
  52  4:09  Lair  
  54  4:13  Overlord  
  54  4:14  Drone x2  
  54  4:16  Drone x3  
  59  4:17  Drone  
  59  4:18  Drone  
  61  4:27  Drone, Roach Warren  
  61  4:28  Overlord, Drone  
  62  4:32  Zerg Missile Weapons Level 1  
  62  4:35  Extractor  
  62  4:37  Drone, Evolution Chamber  
  61  4:39  Drone  
  61  4:41  Drone  
  63  4:47  Drone x2  
  63  4:48  Drone x4  
  63  4:49  Drone  
  63  4:50  Drone  
  63  4:51  Extractor, Drone  
  71  4:53  Extractor, Drone  
  71  4:54  Drone  
  71  4:56  Drone  
  73  5:00  Overlord  
  73  5:04  Overlord  
  73  5:05  Evolution Chamber  
  72  5:08  Evolution Chamber  
  72  5:10  Roach x2  
  72  5:14  Evolution Chamber  
  74  5:16  Evolution Chamber  
  74  5:17  Roach x2  
  74  5:18  Evolution Chamber  
  74  5:20  Roach x2  
  79  5:25  Roach x2  
  79  5:26  Roach  
  83  5:33  Roach x3  
  86  5:37  Evolution Chamber  
  86  5:41  Roach Warren  
  84  5:45  Drone x3  
  84  5:46  Drone x3  
  84  5:47  Drone  
  90  5:55  Drone, Zerg Ground Armor Level 1  
  92  5:57  Drone  
  92  5:59  Drone  
  92  6:00  Queen  
  92  6:01  Hydralisk Den, Queen  
  96  6:06  Drone  
  96  6:09  Drone  
  96  6:10  Overlord  
  98  6:17  Overlord x2  
  98  6:22  Glial Reconstitution  
  98  6:26  Overlord  
  98  6:27  Zerg Missile Weapons Level 2  
  98  6:29  Roach x3  
  98  6:30  Roach  
  98  6:32  Grooved Spines  
  106  6:37  Hatchery  
  105  6:43  Roach x5  
  105  6:44  Overseer  
  105  6:46  Overlord  
  115  6:51  Hydralisk x2  
  115  6:52  Hydralisk  
  121  6:58  Lurker Den, Hydralisk  
  122  7:04  Spore Crawler  
  122  7:08  Queen x2  
  121  7:13  Spore Crawler, Hydralisk  
  121  7:14  Spore Crawler, Hydralisk  
  121  7:15  Hydralisk  
  125  7:18  Hydralisk x2  
  128  7:29  Overlord, Hydralisk  
  128  7:36  Overlord x2  
  130  7:39  Overlord  
  129  7:45  Muscular Augments  
  129  7:49  Overlord x3  
  129  7:51  Zerg Ground Armor Level 2  
  129  7:54  Drone x3  
  132  7:59  Hydralisk x2  
  132  8:03  Roach x4  
  144  8:08  Roach x2  
  148  8:20  Roach  
  148  8:21  Hatchery, Roach x2  
  148  8:22  Overlord x4  
  148  8:24  Overlord  
  153  8:29  Overlord x2  
  153  8:33  Overlord  
  153  8:43  Lurker x5  
  153  8:44  Roach x3, Lurker  
  165  8:49  Overseer  
  165  8:51  Lurker  
  165  8:52  Lurker x2  
  168  8:56  Infestation Pit  
  168  9:00  Drone  
  168  9:02  Spore Crawler  
  167  9:06  Hydralisk x4  
  175  9:15  Drone x4  
  179  9:20  Drone x2  
  181  9:25  Burrow  
  181  9:29  Hydralisk x3  
  187  9:34  Hive  
  187  9:38  Extractor  
  186  9:40  Extractor  
  186  9:41  Overseer  
  183  9:46  Lurker  
  183  9:47  Lurker  
  175  10:03  Hydralisk x5  
  174  10:16  Pneumatized Carapace  
  174  10:18  Hatchery  
  168  10:21  Roach  
  168  10:22  Roach x7  
  176  10:35  Lurker x2  
  176  10:37  Queen  
  178  10:49  Unknown x4  
  178  10:57  Lurker x4  
  183  11:04  Drone x4  
  183  11:05  Drone x3  
  183  11:07  Drone x2  
  183  11:09  Extractor  
  190  11:16  Extractor, Hydralisk  
  190  11:17  Hydralisk x6  
  200  11:33  Adaptive Talons  
  200  11:41  Hatchery  
  200  11:43  Spine Crawler  
  200  11:45  Spine Crawler x2, Viper  
  197  11:50  Viper  
  180  11:59  Viper  
  176  12:02  Drone x10  
  168  12:09  Hydralisk x5  
  173  12:18  Drone x6  
  173  12:19  Drone x2  
  181  12:23  Overseer x2  
  181  12:24  Viper  
  184  12:30  Spore Crawler  
  184  12:32  Unknown  
  184  12:33  Hydralisk x4  
  191  12:50  Spire  
  190  12:55  Extractor  
  189  13:00  Hydralisk x5  
  199  13:08  Spore Crawler  
  199  13:12  Roach x22  
  198  13:14  Hydralisk  
  198  13:16  Spore Crawler  
  198  13:18  Spore Crawler, Extractor  
  197  13:20  Spore Crawler  
  197  13:24  Spore Crawler  
  197  13:26  Tunneling Claws  
  195  13:28  Zerg Ground Armor Level 3  
  195  13:29  Zerg Missile Weapons Level 3  
  195  13:32  Drone  
  195  13:33  Drone x7  
  195  13:58  Viper x3  
  195  13:59  Overseer  
  195  14:00  Drone x2  
  195  14:01  Drone x3  
  198  14:09  Roach x16  
  198  14:12  Overseer x2  
  198  14:18  Hydralisk, Evolution Chamber  
  199  14:26  Roach x16  
  199  14:33  Unknown x2  
  199  14:34  Unknown x2  
  199  14:40  Unknown  
  193  14:46  Hydralisk  
  193  14:47  Hydralisk x2  
  183  15:12  Drone  
  183  15:13  Drone x8  
  184  15:17  Drone x3  
  184  15:18  Drone x3  
  189  15:22  Zerg Flyer Weapons Level 1  
  189  15:28  Hydralisk  
  189  15:29  Hydralisk x4  
  189  15:31  Hatchery, Roach Warren  
  197  15:37  Spore Crawler x2, Hydralisk x2  
  199  15:44  Extractor  
  199  15:45  Spore Crawler  
  199  15:47  Overseer x2  
  197  15:53  Unknown  
  197  15:54  Unknown  
  197  15:55  Unknown  
  197  15:56  Unknown x3  
  197  16:11  Zerg Melee Weapons Level 1  
  198  16:21  Hatchery  
  197  16:50  Spine Crawler  
  197  16:51  Spine Crawler  
  197  16:52  Hatchery  
  197  16:53  Ultralisk Cavern  
  193  16:54  Baneling Nest  
  192  17:02  Viper x2  
  192  17:06  Spine Crawler  
  192  17:08  Spine Crawler x2  
  195  17:09  Spine Crawler x3  
  190  17:38  Centrifical Hooks  
  190  17:40  Chitinous Plating  
  190  17:49  Drone  
  190  17:50  Drone x7  
  198  17:51  Drone x2  
  200  18:04  Spore Crawler  
  200  18:05  Spore Crawler  
  189  18:19  Corruptor x8  
  163  18:20  Corruptor x4  
  163  18:24  Lurker x4  
  180  18:28  Hydralisk x11  
  180  18:30  Spore Crawler  
  180  18:31  Spore Crawler  
  198  18:35  Hydralisk  
  198  18:38  Spore Crawler x2  
  198  18:39  Unknown x2  
  195  18:51  Lurker x5  
  189  19:03  Unknown  
  189  19:04  Unknown  
  189  19:05  Unknown x4, Hydralisk  
  189  19:06  Hydralisk x5  
  192  19:13  Unknown  
  192  19:14  Unknown x3  
  187  19:22  Hydralisk x6  
  179  19:29  Hydralisk  
  179  19:30  Hydralisk  
  176  19:39  Greater Spire  
  176  20:03  Hydralisk x11  
  198  20:08  Drone x2  
  195  20:30  Unknown x3  
  195  20:34  Hydralisk x2  
  196  20:43  Hydralisk x3  
  193  20:52  Lurker x4  
  193  20:55  Hydralisk x9  
  192  21:06  Hydralisk x4  
  199  21:15  Drone  
  199  21:16  Drone x6  
  194  21:18  Drone  
  190  21:28  Lurker x2  
  192  21:38  Unknown  
  192  21:39  Unknown  
Show
View Real Time Build Order
Export as new Build Order

iAsonu Zerg 

Build Orders: 3 Hatch before Pool, Lurkers 

Get SALT Encoding   

  12  0:01  Drone  
  13  0:13  Overlord  
  13  0:18  Drone  
  14  0:31  Drone  
  14  0:32  Drone  
  16  0:36  Drone  
  17  0:54  Hatchery  
  17  0:55  Drone  
  17  0:58  Drone  
  18  1:19  Hatchery  
  18  1:21  Drone  
  18  1:25  Drone  
  19  1:29  Drone  
  20  1:41  Spawning Pool  
  20  1:44  Drone  
  20  1:51  Drone  
  21  2:02  Drone  
  21  2:06  Drone  
  23  2:12  Overlord  
  23  2:17  Drone  
  24  2:23  Drone  
  24  2:27  Queen  
  27  2:30  Queen  
  27  2:31  Queen  
  27  2:33  Drone  
  27  2:34  Drone  
  27  2:36  Drone  
  34  2:40  Extractor  
  34  2:43  Extractor  
  32  2:48  Overlord  
  32  2:49  Drone x2  
  32  2:50  Drone  
  35  2:53  Drone  
  35  2:56  Drone  
  37  3:05  Drone x2  
  37  3:10  Queen  
  39  3:16  Overlord  
  39  3:18  Drone x2  
  39  3:19  Drone  
  42  3:25  Drone  
  42  3:26  Drone  
  43  3:30  Overlord  
  43  3:36  Metabolic Boost  
  43  3:37  Drone  
  43  3:38  Drone  
  44  3:46  Drone x4  
  48  3:52  Drone x3  
  48  3:54  Drone  
  52  3:57  Drone x2  
  52  3:59  Drone  
  55  4:04  Lair  
  55  4:14  Overlord  
  55  4:15  Evolution Chamber  
  55  4:16  Zergling x6  
  57  4:17  Evolution Chamber  
  57  4:22  Zergling x2  
  57  4:25  Roach Warren  
  57  4:26  Zergling x4  
  57  4:29  Zergling x6  
  61  4:32  Zergling x4  
  61  4:33  Zergling x2  
  64  4:41  Overlord, Zerg Melee Weapons Level 1  
  64  4:43  Zergling x6  
  67  4:49  Zergling x10  
  72  4:54  Overlord  
  72  4:56  Drone x2  
  72  4:58  Overlord  
  74  5:02  Extractor  
  73  5:07  Spire  
  73  5:08  Extractor  
  73  5:09  Extractor, Drone x2  
  73  5:12  Drone  
  73  5:18  Drone x4  
  73  5:19  Drone x2  
  78  5:21  Drone  
  78  5:25  Drone x2  
  80  5:32  Extractor  
  77  5:38  Drone x5  
  77  5:40  Drone x6  
  87  5:47  Zerg Missile Weapons Level 1  
  86  5:51  Overlord  
  86  5:57  Overlord  
  86  6:05  Overlord  
  86  6:13  Overlord  
  86  6:18  Mutalisk  
  86  6:19  Mutalisk x7  
  86  6:21  Drone x2  
  104  6:29  Hydralisk Den  
  104  6:30  Overlord  
  103  6:33  Drone x2  
  103  6:38  Overlord  
  103  6:39  Overseer  
  105  6:41  Mutalisk  
  105  6:42  Mutalisk  
  105  6:45  Hatchery, Roach  
  105  6:46  Roach x2  
  114  6:50  Overlord  
  114  6:51  Roach  
  116  6:59  Roach x5  
  125  7:14  Roach x9  
  136  7:23  Lurker Den  
  133  7:33  Lurker Den  
  130  7:59  Hydralisk x5  
  130  8:01  Drone x4  
  130  8:04  Overlord  
  146  8:08  Overseer  
  146  8:10  Pneumatized Carapace  
  146  8:14  Overlord  
  146  8:17  Roach  
  146  8:18  Roach x6  
  158  8:21  Overlord x2  
  158  8:24  Overlord  
  158  8:30  Extractor  
  158  8:32  Extractor  
  156  8:35  Roach x5  
  164  8:42  Zerg Missile Weapons Level 2  
  164  8:44  Drone x2  
  166  8:57  Lurker  
  166  8:58  Lurker x4  
  171  9:05  Roach  
  171  9:06  Roach x8  
  189  9:16  Spine Crawler  
  186  9:32  Roach x3  
  186  9:35  Overlord  
  188  9:54  Infestation Pit  
  188  9:58  Glial Reconstitution  
  130  10:29  Hydralisk x7, Roach x4  
  130  10:30  Hydralisk x2, Roach x4  
  130  10:33  Hive  
  164  10:38  Spine Crawler  
  164  10:39  Burrow  
  164  10:42  Hydralisk x3  
  169  10:43  Roach x7  
  169  10:47  Overseer  
  183  10:52  Unknown x3  
  184  10:57  Lurker x8  
  191  11:16  Tunneling Claws  
  191  11:22  Overseer  
  173  11:59  Viper  
  173  12:00  Viper x4  
  160  12:12  Unknown  
  160  12:13  Unknown, Hydralisk x4, Roach  
  160  12:14  Roach x5  
  160  12:17  Grooved Spines  
  160  12:22  Greater Spire  
  160  12:31  Hatchery  
  160  12:35  Queen  
  161  12:37  Zerg Missile Weapons Level 3  
  161  12:42  Roach x2  
  161  12:47  Overseer, Roach x11  
  161  12:48  Roach x7  
  197  13:03  Overseer x2  
  193  13:10  Roach  
  193  13:11  Overseer, Roach x2  
  193  13:12  Roach x2  
  191  13:17  Spine Crawler  
  191  13:18  Spine Crawler x2  
  191  13:19  Spine Crawler  
  177  13:22  Drone x9  
  186  13:29  Muscular Augments  
  186  13:30  Adaptive Talons  
  186  13:38  Roach x9  
  186  13:39  Unknown x2  
  194  13:45  Viper x2  
  190  14:02  Corruptor x6  
  191  14:04  Roach x8  
  191  14:09  Extractor x2  
  197  14:10  Spine Crawler  
  197  14:16  Spine Crawler  
  195  14:17  Overseer  
  195  14:18  Spine Crawler  
  195  14:19  Spine Crawler  
  195  14:20  Spine Crawler  
  192  14:25  Hydralisk x3  
  192  14:28  Roach x17  
  192  14:30  Roach x5  
  198  14:41  Roach x3  
  198  14:42  Roach x2  
  198  14:43  Roach x3  
  198  14:48  Roach  
  198  14:53  Unknown  
  198  14:56  Unknown  
  198  14:57  Unknown x4  
  198  14:58  Hydralisk x6  
  196  15:00  Roach x16  
  196  15:02  Roach x16  
  166  15:09  Lurker  
  166  15:10  Lurker  
  166  15:11  Corruptor  
  166  15:12  Corruptor x2  
  166  15:13  Overlord  
  162  15:14  Brood Lord x6  
  164  15:27  Drone x3  
  167  15:36  Corruptor x4  
  167  15:38  Corruptor x2  
  179  15:56  Unknown x6  
  179  15:59  Corruptor  
  179  16:00  Corruptor x2  
  179  16:01  Brood Lord x2  
  179  16:03  Overlord  
  189  16:17  Overlord  
  187  16:18  Overlord  
  187  16:25  Overlord  
  177  16:26  Brood Lord  
  177  16:32  Brood Lord x4  
  187  16:36  Brood Lord, Unknown  
  187  16:37  Unknown x2  
  187  16:39  Overlord x2  
  187  16:46  Brood Lord x2  
  191  16:56  Brood Lord  
  191  17:01  Overseer  
  193  17:02  Overseer  
  193  17:09  Brood Lord  
  195  17:17  Unknown x3  
  195  17:26  Lurker x5  
  200  17:48  Spine Crawler  
  200  17:49  Spine Crawler  
  200  17:50  Spine Crawler x2  
  196  17:53  Zerg Flyer Weapons Level 1  
  196  18:12  Overseer  
  196  18:13  Unknown x2  
  196  18:14  Unknown x6  
  170  18:30  Roach  
  170  18:31  Hydralisk x7, Roach x11  
  200  18:45  Overlord  
  200  19:02  Unknown x2  
  200  19:04  Hydralisk x3  
  182  19:10  Hydralisk x10  
  182  19:16  Hydralisk  
  182  19:17  Hydralisk x13  
  162  19:23  Roach  
  162  19:24  Roach x7  
  184  19:25  Unknown x6  
  159  19:37  Overlord x4  
  159  19:43  Overlord x2  
  159  19:47  Zerg Flyer Armor Level 1  
  159  19:53  Overseer x3  
  159  19:56  Overlord  
  159  19:58  Roach x2  
  163  20:01  Lurker x2  
  147  20:31  Hatchery  
  147  20:33  Hydralisk x7  
  147  20:34  Roach x2  
  154  20:52  Roach x9  
  164  21:03  Hydralisk  
  164  21:04  Hydralisk x3  
  153  21:12  Roach x4  
  144  21:23  Lurker  
  144  21:24  Lurker  
  142  21:33  Unknown x19  
  142  21:34  Unknown  
  142  21:37  Unknown  
  142  21:38  Unknown  
Tags
 
Add a new tag
Caveats
  • Supply blocks, unpowered buildings, or Contaminate may cause inaccurate times.
  • Supply counts are checked every 10 seconds.